 Dungeon Crawl Stone Soup version 0.19.5 (webtiles) character file.

109 Kisielow the Insei (level 4, 0/32 HPs)
             Began as a Merfolk Transmuter on May 21, 2017.
             Slain by an adder (3 damage)
             ... on level 3 of the Dungeon.
             The game lasted 00:02:49 (2660 turns).

Kisielow the Insei (Merfolk Transmuter)             Turns: 2660, Time: 00:02:50

Health: 0/32       AC:  2    Str: 10    XL:     4   Next: 89%
Magic:  7/7        EV: 13    Int: 13    God:
Gold:   167        SH:  0    Dex: 14    Spells: 2 memorised, 3 levels left

rFire  . . .     SeeInvis .       - Unarmed
rCold  . . .     Gourm    .     b - +0 robe
rNeg   . . .     Faith    .     (no shield)
rPois  .         Spirit   .     (no helmet)
rElec  .         Reflect  .     (no cloak)
rCorr  .         Harm     .     (no gloves)
MR     .....                    (no boots)
Stlth  +.........               (no amulet)
                                (no ring)
                                (no ring)

@: no status effects
A: change form in water, swift swim, stealthy swim
a: no special abilities


You were on level 3 of the Dungeon.
You were not hungry.

You visited 1 branch of the dungeon, and saw 3 of its levels.

You collected 167 gold pieces.

Inventory:

Missiles
 a - 29 arrows
Armour
 b - a +0 robe (worn)
Jewellery
 i - an uncursed ring of ice {unknown}
Scrolls
 e - 2 scrolls of remove curse {unknown}
 h - a scroll of amnesia {unknown}
 m - a scroll of noise {unknown}
 n - a scroll of teleportation {unknown}
Potions
 j - 2 potions of heal wounds
 k - 2 potions of curing {unknown}
Books
 c - a book of Changes

   Spells                             Type                      Level
   a - Beastly Appendage              Transmutation                1
   b - Sticks to Snakes               Transmutation                2
   c - Spider Form                    Transmutation/Poison         3
   d - Ice Form                       Ice/Transmutation            4
   e - Blade Hands                    Transmutation                5
 f - a book of Death

   Spells                             Type                      Level
   a - Corpse Rot                     Necromancy                   2
   b - Sublimation of Blood           Necromancy                   2
   c - Agony                          Necromancy                   5
   d - Dispel Undead                  Necromancy                   5
   e - Excruciating Wounds            Charms/Necromancy            5
   f - Bolt of Draining               Conjuration/Necromancy       5
Comestibles
 d - 5 bread rations
 g - 2 fruits
 l - 8 chunks of flesh


   Skills:
 - Level 1.1 Fighting
 - Level 2.6 Dodging
 * Level 5.1 Unarmed Combat
 - Level 2.0 Spellcasting
 + Level 4.5 Transmutations


You had 3 spell levels left.
You knew the following spells:

 Your Spells              Type           Power        Failure   Level  Hunger
a - Beastly Appendage     Tmut           ##....       4%          1    ##.....
q - Spider Form           Tmut/Pois      #.........   34%         3    ####...


Dungeon Overview and Level Annotations

Branches:
Dungeon (3/15)

Altars:


Message History

The adder barely misses you.
You miss the adder. The adder misses you.
You hit the adder.
The adder is heavily wounded.
The adder closely misses you.
You closely miss the adder.
The adder is heavily wounded.
The adder bites you.
* * * LOW HITPOINT WARNING * * *
You hit the adder.
The adder is heavily wounded.
The adder bites you.
* * * LOW HITPOINT WARNING * * *
You hit the adder.
The adder is almost dead.
The adder bites you but does no damage.
You barely miss the adder.
The adder is almost dead.
The adder misses you. The adder bites you.
You die...

#...(..........###....#
#.##..........#.#.##..#
#.##.####..##.##.# #..#
#.##...........#.# #.)#
#.#######..##..#.###..##
#)# #..##..........# #.#
#..##....###.<.#
#.#######..##....# #...#
#>........@S.....# #...#
######.###.##..#.# #...#
#.# #.##..... ..... #.#
#.......)...#### ..#
####.##.###.. ... ##
####


You could see an adder.

Vanquished Creatures
  Jessica (D:2)
  3 adders
  3 worms
  2 dart slugs
  A leopard gecko (D:2)
  6 bats
  4 giant cockroaches
  6 hobgoblins
  4 kobolds
  A quokka (D:2)
  5 ball pythons (D:1)
  3 frilled lizards
  2 goblins
  2 rats
43 creatures vanquished.

Notes
Turn   | Place    | Note
-------+----------+-------------------------------------------
     0 | D:1      | Kisielow the Merfolk Transmuter began the quest for the Orb.
     0 | D:1      | Reached XP level 1. HP: 15/15 MP: 3/3
   406 | D:1      | Reached XP level 2. HP: 21/21 MP: 5/5
   476 | D:1      | Reached skill level 4 in Unarmed Combat
   823 | D:1      | Reached XP level 3. HP: 23/26 MP: 6/6
   828 | D:1      | Learned a level 3 spell: Spider Form
  1044 | D:2      | Found a faded altar of an unknown god.
  1091 | D:2      | Noticed Jessica
  1101 | D:2      | Killed Jessica
  1450 | D:2      | Reached XP level 4. HP: 30/32 MP: 7/7
  2490 | D:3      | Reached skill level 5 in Unarmed Combat
  2660 | D:3      | Slain by an adder

Skill      XL: |  1  2  3  4 |
---------------+-------------+-----
Unarmed Combat | 4 5 |  5.1
Transmutations | 4 |  4.5
Fighting       | |  1.1
Dodging        | |  2.6
Spellcasting   | |  2.0

Action                   |  1- 3 |  4- 6 || total
-------------------------+-------+-------++-------
Melee: Unarmed           |   103 |   109 ||   212
       Punch             |     3 |       ||     3
  Use: Potion            |       |     1 ||     1
 Stab: Sleeping          |       |     2 ||     2
  Eat: Chunk             |     1 |     5 ||     6
Armor: Robe              |    24 |    15 ||    39
Dodge: Dodged            |    85 |    60 ||   145
